 Dungeon Crawl Stone Soup version 0.30-a0-959-g3818848631 (webtiles) character file.

Game seed: 12856411612940207199

107 Drevant2 the Caller (level 4, 0/22 (24) HPs)
             Began as a Tengu Summoner on Mar 30, 2023.
             Succumbed to an orc wizard's poison
             ... on level 4 of the Dungeon.
             The game lasted 00:06:37 (2812 turns).

Drevant2 the Caller (Tengu Summoner)                Turns: 2812, Time: 00:06:38

HP:   0/22 (24)     AC:  2    Str:  9    XL:     4   Next: 85%
MP:   5/8           EV: 12    Int: 17    God:
Gold: 174           SH:  0    Dex: 14    Spells: 4/7 levels left

rFire   . . .      SeeInvis .    e - +1 dagger (venom)
rCold   . . .      Faith    .    (no shield)
rNeg    . . .      Spirit   .    a - +0 robe
rPois   .          Reflect  .    (helmet restricted)
rElec   .          Rampage  .    (no cloak)
rCorr   .                        (no gloves)
Will    .....                    (boots unavailable)
Stlth   ++                       (no amulet)
HPRegen 0.23/turn                (no ring)
MPRegen 0.11/turn                (no ring)

@: lethally poisoned (0 -> -11), drained
A: beak, talons 3
a: no special abilities


You were on level 4 of the Dungeon.
You visited 1 branch of the dungeon, and saw 4 of its levels.

You collected 174 gold pieces.

Inventory:

Hand Weapons
 e - a +1 dagger of venom (weapon)
Armour
 a - a +0 robe (worn)
Jewellery
 g - a ring of magical power
 l - a +4 ring of protection
 n - an amulet of regeneration
Wands
 k - a wand of mindburst (12)
Scrolls
 c - 5 scrolls of identify {unknown}
 f - 2 scrolls of fear {unknown}
 i - a scroll of fog {unknown}
 j - a scroll of enchant armour {unknown}
 p - 3 scrolls of teleportation {unknown}
 q - a scroll of noise {unknown}
Potions
 b - a potion of magic
 d - a potion of resistance {unknown}
 h - 3 potions of curing {unknown}
 m - a potion of mutation {unknown}
 o - 2 potions of lignification {unknown}


   Skills:
 - Level 2.4 Dodging
 - Level 2.2 Stealth
 - Level 2.1 Spellcasting
 + Level 7.0 Summonings


You had 4 spell levels left.
You knew the following spells:

 Your Spells              Type           Power      Damage    Failure   Level
a - Summon Small Mammal   Summ           100%       N/A       1%          1
b - Call Imp              Summ           25%        N/A       1%          2

Your spell library contained the following spells:

 Spells                   Type           Power      Damage    Failure   Level
 Call Canine Familiar     Summ           25%        N/A       3%          3
 Summon Guardian Golem    Hex/Summ       13%        N/A       14%         3
 Magic Dart               Conj           4%         1d3       19%         1
 Summon Lightning Spire   Summ/Air       13%        N/A       41%         4
 Mephitic Cloud           Conj/Pois/Air  1%         N/A       50%         3
 Anguish                  Hex/Necr       0%         N/A       88%         4
 Enfeeble                 Hex            0%         N/A       100%        7


Dungeon Overview and Level Annotations

Branches:
Dungeon (4/15)
 Temple: D:4-7

Altars:
Elyvilon
Zin
The Shining One

Shops:
D:1 (

Annotations:
D:2 Sigmund


Innate Abilities, Weirdness & Mutations

You have a beak for a mouth.
You have claws for feet.


Message History

Your quokka barely misses the orc.
Your crimson imp barely misses something.
The orc attacks as you move away! The orc misses you.
Your crimson imp hits something but does no damage.
The orc misses your crimson imp. The orc misses you.
Your quokka completely misses the orc.
The orc barely misses your crimson imp. Something hits your quokka.
Your quokka is poisoned.
Your quokka dies!
Your quokka's corpse disappears in a puff of smoke!
The orc hits you with a +2 flail of draining.
You feel drained.
Casting: Summon Small Mammal (safe; 1% risk of failure)
Confirm with . or Enter, or press ? or * to list all spells.
A beastly little devil appears in a puff of frigid air.
Your white imp says, "I'm here!"
Your crimson imp disappears in a puff of smoke!
The orc barely misses you. The orc attacks as you move away!
The orc hits you with a +2 flail of draining.
You feel drained. The orc closely misses you.
Your white imp gestures at the orc.
The puff of frost hits the orc!
The orc dies!
Unknown command.
Unknown command.
An orc is nearby!
Something hits you.
* * * LOW HITPOINT WARNING * * *
You see here a dart slug corpse.
An orc is nearby!
Something hits you.
* * * LOW HITPOINT WARNING * * *
Your white imp closely misses something.
Something hits you.
* * * LOW HITPOINT WARNING * * *
You are lethally poisoned!
You die...

#..........#
#..........#
#.)........#
####..........#
#..5#.#######.#
#...#.# ... #
#...#.# #.#
#...#.. #.#
#..@#####.#####
#...#[..#.#...#
#...#.#.#.#.#.###
#...#.#.....#)#.#
#...#.#######.#.#
#.....# #...####
#....## ##......
#....# #######
#....... #


You could see a friendly white imp (summoned).

Vanquished Creatures
  A jelly (D:4)
  An adder (D:4)
  A worm (D:3)
  A dart slug (D:4)
  An orc (D:2)
  6 endoplasms
  2 giant cockroaches
  5 goblins
  A hobgoblin (D:3)
  4 jackals (D:2)
  2 kobolds
  A quokka (D:2)
  3 ball pythons (D:3)
  6 bats
  A frilled lizard (D:1)
  6 rats
42 creatures vanquished.

Vanquished Creatures (collateral kills)
  5 orcs
  A ball python (D:1)
  3 goblins
  A hobgoblin (D:1)
  A kobold (D:3)
  2 frilled lizards
13 creatures vanquished.

Vanquished Creatures (others)
  2 plants (D:1)
2 creatures vanquished.

Grand Total: 57 creatures vanquished

Notes
Turn   | Place    | Note
-------+----------+-------------------------------------------
     0 | D:1      | Drevant2 the Tengu Summoner began the quest for the Orb.
     0 | D:1      | Reached XP level 1. HP: 10/10 MP: 4/4
   310 | D:1      | Found Ridul's Weapon Emporium.
   337 | D:1      | Reached XP level 2. HP: 15/15 MP: 3/6
   480 | D:1      | Reached skill level 5 in Summonings
  1155 | D:2      | Reached XP level 3. HP: 17/19 MP: 7/7
  1306 | D:2      | Noticed Sigmund
  2128 | D:3      | Reached skill level 6 in Summonings
  2145 | D:3      | Learned a level 2 spell: Call Imp
  2242 | D:3      | Reached XP level 4. HP: 23/24 MP: 1/8
  2345 | D:3      | Found a white marble altar of Elyvilon.
  2346 | D:3      | Found a glowing silver altar of Zin.
  2347 | D:3      | Found a glowing golden altar of the Shining One.
  2591 | D:3      | Found a faded altar of an unknown god.
  2692 | D:4      | Identified the +3 leather armour of Golden Salvation {-Cast
                  | rCorr Slay-2 SInv}
  2744 | D:4      | Reached skill level 7 in Summonings
  2812 | D:4      | Succumbed to an orc wizard's poison

Illustrated notes

Levels and vault maps discovered:
D:1:      sevenhm_arrival_forest_fort_small_6, layout_loops_ring, serial_shops,
          nicolae_shop_advertising_works [nicolae_subvault_shop_adworks],
          minmay_misc_feat_doors, nicolae_concentric_dashed_squares_mild,
          serial_bayou_lagoon_a, minmay_misc_feat_iff
D:2:      layout_basic, palyth_stone_intersect, uniq_sigmund
D:3:      layout_rooms, good_gods_temple_1,
          hellmonk_ecumenical_altar_heavens_door
D:4:      kennysheep_the_goblin_king, layout_basic, hangedman_feature_mirror,
          roderic_nine_men_s_morris, grunt_decor_mini_mirrors,
          minmay_misc_feat_ornament

Skill      XL: |  1  2  3  4 |
---------------+-------------+-----
Summonings     | 5 6 7 |  7.0
Dodging        | |  2.4
Stealth        | |  2.2
Spellcasting   | |  2.1

Action                     |  1- 3 |  4- 6 || total
---------------------------+-------+-------++-------
  Melee: Unarmed           |     7 |       ||     7
         Kick              |    17 |     4 ||    21
         Peck              |    11 |       ||    11
         Dagger            |    66 |    17 ||    83
   Cast: Summon Small Mamm |    21 |     1 ||    22
         Call Imp          |     3 |     2 ||     5
   Stab: Sleeping          |     1 |     4 ||     5
 Armour: Robe              |    20 |     2 ||    22
  Dodge: Dodged            |    52 |     9 ||    61

Table legend: (Time is in decaauts)
 A = Elapsed time spent in this place.
 B = Non-inter-level travel time spent in this place.
 C = Inter-level travel time spent in this place.
 D = Time resting spent in this place.
 E = Time spent auto-exploring this place.
 F = Levels seen in this place.
 G = Mean time per level.
                   A        B        C        D        E       F      G
               +--------+--------+--------+--------+--------+-----+--------+
         Total |   2816 |   2655 |    161 |    481 |   1707 |   4 |  704.0 |
       Dungeon |   2816 |   2655 |    161 |    481 |   1707 |   4 |  704.0 |
               +--------+--------+--------+--------+--------+-----+--------+

Top non-repeatable levels by time:
     D:1: 1091 daAuts
     D:2: 912 daAuts
     D:3: 652 daAuts
     D:4: 159 daAuts
